 Dungeon Crawl Stone Soup version 0.23.1 (webtiles) character file.

Game seed: 14321644017896141002

3346 misha the Spear-Bearer (level 10, 0/123 HPs)
             Began as a Merfolk Berserker on Mar 9, 2019.
             Was an Elder of Trog.
             Slain by a gnoll
             ... wielding a +0 whip
             ... summoned by an orange crystal statue
              (1 damage)
             ... on level 7 of the Dungeon.
             The game lasted 00:21:29 (5301 turns).

misha the Spear-Bearer (Merfolk Berserker)          Turns: 5301, Time: 00:21:30

Health: 0/123      AC: 25    Str: 20 (21) XL:     10   Next: 2%
Magic:  10/10      EV:  2    Int:  2 (11) God:    Trog [****..]
Gold:   380        SH:  0    Dex: 11 (14) Spells: 9/9 levels left

rFire    + . .     SeeInvis .   t - +0 glaive
rCold    + . .     Gourm    .   (shield currently unavailable)
rNeg     + + +     Faith    .   (armour currently unavailable)
rPois    +         Spirit   .   (helmet currently unavailable)
rElec    +         Reflect  .   (cloak currently unavailable)
rCorr    +         Harm     .   (gloves currently unavailable)
MR       .....     Rnd*Rage +   (boots currently unavailable) Stlth +.........NoTele +
                                (no amulet)
HPRegen  0.30/turn              (no ring)
MPRegen  0.12/turn              (no ring)

@: confused, brilliant, tree-form (expiring), resistant, berserk cooldown,
slowed, lost intelligence, very slow
A: (change form in water), (swift swim), (stealthy swim), berserk 1
a: Berserk, Trog's Hand, Brothers in Arms, Renounce Religion


You were on level 7 of the Dungeon.
You worshipped Trog.
Trog was greatly pleased with you.
You were not hungry.
You were a tree.
You visited 1 branch of the dungeon, and saw 7 of its levels.

You collected 380 gold pieces.

Inventory:

Hand Weapons
 a - a +1 spear
 t - a +0 glaive (weapon)
Missiles
 b - 4 needles of paralysis
 e - 4 needles of frenzy
 i - 25 poisoned needles
 p - 4 javelins of returning (quivered)
 y - 7 silver javelins
 H - 4 javelins
Armour
 f - a +0 troll leather armour (melded)
 s - a +0 plate armour
 u - a +0 pair of gloves (melded)
Jewellery
 g - a cursed amulet of inaccuracy {unknown}
 q - an uncursed amulet of guardian spirit {unknown}
 w - the ring of the Battered Dances {rC+ EV+2 Dex-5 SInv Stlth+, unknown}
   (You found it on level 5 of the Dungeon)

   [ring of evasion]

   It affects your evasion (+2).
   It affects your dexterity (-5).
   It protects you from cold.
   It lets you see invisible.
   It makes you more stealthy.
 F - a cursed amulet of inaccuracy {unknown}
Scrolls
 d - 4 scrolls of teleportation
 h - 4 scrolls of fear
 j - 5 scrolls of remove curse
 l - a scroll of enchant weapon
 v - 4 scrolls of identify
 B - 3 scrolls of blinking
 E - a scroll of magic mapping
Potions
 k - 3 potions of lignification
 n - a potion of flight
Comestibles
 c - 14 rations


   Skills:
 + Level 8.4 Fighting
 * Level 14.2 Polearms
 + Level 6.2 Throwing
 - Level 1.3 Armour
 - Level 2.6 Dodging


You had 9 spell levels left.
You didn't know any spells.
Your spell library was empty.

Dungeon Overview and Level Annotations

Branches:
Dungeon (7/15)             Temple (0/1) D:5

Altars:
Elyvilon
Fedhas
Qazlal
Ru
Sif Muna
Yredelemnul
Zin

Annotations:
D:7 1 runed translucent door, exclusion: 4 orange crystal statues


Innate Abilities, Weirdness & Mutations

((You revert to your normal form in water))
((You are very nimble and swift while swimming.))
((You are very stealthy in the water. (Stealth+)))
You tend to lose your temper in combat.
((You can translocate small distances at will.))


Message History

You resist with some effort.
The orc wizard gestures wildly while chanting.
The orc wizard blinks!
Unknown command.
It was a potion of resistance.
You feel protected.
Your transformation is almost over.
The killer bee stings you but does no damage.
The killer bee stings you.
* * * LOW HITPOINT WARNING * * *
The hound bites you but does no damage.
The howler monkey hits you but does no damage.
The howler monkey hoots and howls with incredible vigour!
The gnoll sergeant hits you but does no damage.
The killer bee stings you but does no damage. x2
The hound bites you.
* * * LOW HITPOINT WARNING * * *
The iguana bites you!
* * * LOW HITPOINT WARNING * * *
The gnoll hits you with a +0 whip.
You die...

.#........##.##....))..
..........##....#######
#.......######.#
#......#######.#
#............#.#
#..#########.#.#
##.#8.yo..8#.#.#
#.#l#hh.#.#.>.#
#.#h♣hhZ.o#...# #
#.Wgyygo..+...###.#
#.#rgSW...#.......#
#.#h#h..#.#....♣..#
##.#8.....8#......##
#..#########.#....#
#............######
#.#..#.####.##
#...........#


You could see 4 orange crystal statues, a phantom, a hungry ghost, a gnoll
sergeant, 2 howler monkeys, an iguana, 2 hounds, 3 killer bees, an orc priest,
an orc wizard, 2 gnolls, an adder, an orc, a bullfrog zombie, a quokka and 3
jackals.

Vanquished Creatures
  A hippogriff (D:7)
  Eustachio (D:6)
  Menkaure (D:5)
  2 orc warriors
  A phantom (D:7)
  4 ice beasts
  A necrophage (D:5)
  A black bear (D:7)
  5 centaurs
  3 ogres
  Blork the orc (D:4)
  2 bullfrogs
  2 scorpions
  A howler monkey (D:4)
  A centaur zombie (D:5)
  A bullfrog zombie (D:6)
  7 hounds
  A jelly (D:5)
  An orc priest (D:4)
  A bullfrog skeleton (D:5)
  2 centaur skeletons
  3 worker ants
  Jessica (D:2)
  5 orc wizards
  5 iguanas
  2 howler monkey zombies
  2 worker ant zombies
  3 gnolls (D:3)
  8 adders
  2 oozes (D:2)
  5 worms
  4 adder skeletons
  An adder zombie (D:6)
  A dart slug (D:1)
  3 leopard geckos
  12 orcs
  A ball python (D:1)
  4 giant cockroaches
  3 goblins
  6 hobgoblins
  6 jackals
  10 kobolds
  5 quokkas
  A ball python skeleton (D:6)
  7 bats
  8 frilled lizards
  7 rats
155 creatures vanquished.

Vanquished Creatures (collateral kills)
  A crimson imp (D:6)
  An orc wizard (D:6)
2 creatures vanquished.

Grand Total: 157 creatures vanquished

Notes
Turn   | Place    | Note
-------+----------+-------------------------------------------
     0 | D:1      | misha the Merfolk Berserker began the quest for the Orb.
     0 | D:1      | Reached XP level 1. HP: 18/18 MP: 1/1
   112 | D:1      | Reached XP level 2. HP: 18/24 MP: 2/2
   304 | D:1      | Reached skill level 5 in Polearms
   739 | D:2      | Reached ** piety under Trog
   799 | D:2      | Reached XP level 3. HP: 19/30 MP: 3/3
  1057 | D:2      | Reached skill level 6 in Polearms
  1082 | D:2      | Reached XP level 4. HP: 20/37 MP: 4/4
  1230 | D:2      | Noticed Jessica
  1237 | D:2      | Killed Jessica
  1509 | D:3      | Reached skill level 7 in Polearms
  1509 | D:3      | Reached XP level 5. HP: 33/43 MP: 5/5
  1870 | D:3      | Reached *** piety under Trog
  2057 | D:4      | Reached skill level 1 in Throwing
  2065 | D:4      | Reached skill level 8 in Polearms
  2065 | D:4      | Reached XP level 6. HP: 50/50 MP: 6/6
  2159 | D:4      | Found a basalt altar of Yredelemnul.
  2169 | D:4      | Found a glowing silver altar of Zin.
  2226 | D:4      | Reached skill level 5 in Fighting
  2366 | D:4      | Received a gift from Trog
  2410 | D:4      | Reached skill level 9 in Polearms
  2410 | D:4      | Reached XP level 7. HP: 49/56 MP: 7/7
  2538 | D:4      | Noticed Blork the orc
  2552 | D:4      | Killed Blork the orc
  2732 | D:5      | Entered Level 5 of the Dungeon
  2749 | D:5      | HP: 2/56 [ice beast (13)]
  2882 | D:5      | Noticed Menkaure
  2894 | D:5      | Killed Menkaure
  2894 | D:5      | Reached skill level 10 in Polearms
  2919 | D:5      | Reached XP level 8. HP: 61/64 MP: 8/8
  3042 | D:5      | Found a deep blue altar of Sif Muna.
  3053 | D:5      | Got a glittering glass ring
  3111 | D:5      | Reached skill level 11 in Polearms
  3320 | D:5      | Reached **** piety under Trog
  3332 | D:5      | Received a gift from Trog
  3471 | D:5      | Found a staircase to the Ecumenical Temple.
  3841 | D:6      | Reached skill level 12 in Polearms
  3845 | D:6      | Reached XP level 9. HP: 65/72 MP: 9/9
  3876 | D:6      | Noticed Eustachio
  3880 | D:6      | Found a blossoming altar of Fedhas.
  3887 | D:6      | Killed Eustachio
  3915 | D:6      | Reached skill level 5 in Throwing
  4485 | D:6      | Found a white marble altar of Elyvilon.
  4486 | D:6      | Found a deep blue altar of Sif Muna.
  4486 | D:6      | Found a sacrificial altar of Ru.
  4488 | D:6      | Found a stormy altar of Qazlal.
  4766 | D:7      | Reached skill level 13 in Polearms
  5115 | D:7      | Reached skill level 14 in Polearms
  5139 | D:7      | Reached XP level 10. HP: 57/81 MP: 10/10
  5215 | D:7      | Found the +10 large shield of Ignorance {rN+ Int-4}
  5221 | D:7      | Found a runed translucent door.
  5243 | D:7      | Found a runed translucent door.
  5250 | D:7      | Noticed an orange crystal statue
  5250 | D:7      | Noticed an orange crystal statue
  5250 | D:7      | Noticed an orange crystal statue
  5250 | D:7      | Noticed an orange crystal statue
  5293 | D:7      | Lost intelligence.
  5297 | D:7      | Gained mutation: You tend to lose your temper in combat.
                  | [potion of mutation]
  5297 | D:7      | Gained mutation: You can translocate small distances at
                  | will. [potion of mutation]
  5301 | D:7      | HP: 1/123 [iguana[an orange crystal statue] (7)]
  5301 | D:7      | Slain by a gnoll

Skill      XL: |  1  2  3  4  5  6  7  8  9 |
---------------+----------------------------+-----
Polearms       | 5 6 7 8 9 10 12 14 | 14.2
Fighting       | 4 5 6 7 8 |  8.4
Throwing       | 1 2 3 4 6 |  6.2
Armour         | |  1.3
Dodging        | |  2.6

Action                   |  1- 3 |  4- 6 |  7- 9 | 10-12 || total
-------------------------+-------+-------+-------+-------++-------
Melee: Spear             |   117 |   223 |    25 |       ||   365
       Glaive            |       |       |   261 |    14 ||   275
Throw: Tomahawk          |       |     6 |     8 |     4 ||    18
       Javelin           |       |     1 |     3 |     2 ||     6
Invok: Berserk           |     1 |     3 |     6 |       ||    10
       Brothers in Arms  |       |       |     1 |       ||     1
  Use: Scroll            |       |     8 |       |       ||     8
       Potion            |       |       |     1 |    14 ||    15
 Stab: Sleeping          |     1 |     2 |     2 |       ||     5
  Eat: Chunk             |     1 |     7 |    15 |     2 ||    25
Armor: Animal skin       |     1 |       |       |       ||     1
       Troll leather arm |    26 |    70 |    65 |     8 ||   169
       Skin              |       |       |       |   254 ||   254
Dodge: Dodged            |    49 |   119 |   156 |    52 ||   376
